 Dungeon Crawl Stone Soup version 0.20-a0-463-g5747544 (webtiles) character file.

20496 Duffy the Peltast (level 12, -2/75 HPs)
             Began as a Gargoyle Fighter on Jan 10, 2017.
             Was a High Priest of Makhleb.
             Slain by a 17-headed hydra (3 damage)
             ... on level 3 of the Lair of Beasts.
             The game lasted 00:15:19 (12630 turns).

Duffy the Peltast (Gargoyle Fighter)               Turns: 12630, Time: 00:15:20

Health: -2/75      AC: 31    Str: 34    XL:     12   Next: 80%
Magic:  0/17       EV:  9    Int:  9    God:    Makhleb [*****.]
Gold:   470        SH: 15    Dex: 10    Spells: 11/11 levels left

rFire  + . .     SeeInvis .     a - +0 broad axe
rCold  x . .     Gourm    .     y - +0 plate armour
rNeg   + + .     Faith    .     c - +0 shield
rPois  ∞         Spirit   +     h - +5 helmet "Kicarig" {rC- Str+7}
rElec  +         Reflect  .     x - +2 cloak {+Inv}
rCorr  .         Harm     .     F - +0 pair of gloves
MR     .....                    (no boots)
Stlth  ..........               N - amulet of guardian spirit
                                u - ring of protection from fire
                                z - ring "Pahir" {+Blink rElec rPois rN+ Str+3}

@: no status effects
A: negative energy resistance 1, electricity resistance, unbreathing,
petrification resistance, rot immunity, AC +8
a: Minor Destruction, Lesser Servant of Makhleb, Major Destruction, Greater
Servant of Makhleb, Renounce Religion, Evoke Blink, Evoke Invisibility


You were on level 3 of the Lair of Beasts.
You worshipped Makhleb.
Makhleb was extremely pleased with you.
You were not hungry.

You visited 3 branches of the dungeon, and saw 16 of its levels.
You visited the Abyss 1 time.
You also visited: Sewer.

You collected 470 gold pieces.

Inventory:

Hand Weapons
 a - a +0 broad axe (weapon)
 v - a +2 flail of draining
Armour
 c - a +0 shield (worn)
 h - the +5 helmet "Kicarig" (worn) {rC- Str+7}
   (You found it on level 1 of the Lair of Beasts)

   It affects your strength (+7).
   It makes you vulnerable to cold.
 x - a +2 cloak of invisibility (worn)
 y - a +0 plate armour (worn)
 F - a +0 pair of gloves (worn)
 M - the +1 ring mail of Salvation {MR+ Str+4}
   (You found it on level 9 of the Dungeon)

   It affects your strength (+4).
   It affects your resistance to hostile enchantments.
Jewellery
 u - a ring of protection from fire (right hand)
 z - the ring "Pahir" (left hand) {+Blink rElec rPois rN+ Str+3}
   (You found it on level 5 of the Dungeon)

   [ring of strength]

   It affects your strength (+3).
   It insulates you from electricity.
   It protects you from poison.
   It protects you from negative energy.
   It lets you blink.
 K - an uncursed amulet of the gourmand
 L - a -3 ring of evasion
 N - an amulet of guardian spirit (around neck)
 O - an uncursed amulet of inaccuracy
Wands
 s - a wand of disintegration (15/24)
 G - a wand of scattershot (8/9)
Scrolls
 e - a scroll of enchant armour
 i - 4 scrolls of teleportation
 l - a scroll of vulnerability
 m - a scroll of magic mapping
 n - 5 scrolls of remove curse
 p - 2 scrolls of blinking
 B - a scroll of fear
 H - 2 scrolls of recharging
 J - a scroll of summoning
Potions
 b - a potion of cancellation {unknown}
 d - 2 potions of might
 j - 2 potions of invisibility
 q - 4 potions of haste
 r - 6 potions of flight
 w - a potion of resistance
 A - a potion of cure mutation
 E - 3 potions of curing
 I - 2 potions of berserk rage
Comestibles
 f - 7 bread rations
 g - 6 meat rations
 k - 5 chunks of flesh
 o - 6 slices of pizza
 D - 8 fruits


   Skills:
 + Level 8.8 Fighting
 + Level 9.6 Axes
 - Level 5.0 Armour
 + Level 3.8 Dodging
 - Level 15.0 Shields
 + Level 3.1 Invocations
 + Level 7.0 Evocations


You had 11 spell levels left.
You didn't know any spells.

Dungeon Overview and Level Annotations

Branches:
Dungeon (12/15)            Temple (1/1) D:6            Lair (3/6) D:11
    Orc (0/2) D:9
  Swamp: Lair:2-4    Shoals: Lair:2-4     Snake: Lair:2-4    Spider: Lair:2-4

Altars:
Ashenzari
Cheibriados
Dithmenos
Elyvilon
Fedhas
Gozag
Hepliaklqana
Kikubaaqudgha
Makhleb
Nemelex Xobeh
Okawaru
Qazlal
Ru
Sif Muna
Trog
Uskayaw
Vehumet
Xom
Yredelemnul
Zin

Annotations:
D:9 Erolcha
D:11 Psyche


Innate Abilities, Weirdness & Mutations

You are resistant to torment.
Your stone body is resilient. (AC +8)
You are immune to poison.
You resist negative energy. (rN+)
You are resistant to electric shocks. (rElec)
You can survive without breathing.
You are immune to petrification.
You are immune to rotting.


Message History

You block the 16-headed hydra's attack. The 16-headed hydra bites you.
The 16-headed hydra bites you but does no damage.
The 16-headed hydra bites you.
The 16-headed hydra bites you but does no damage.
You lop one of the 16-headed hydra's heads off!
The 15-headed hydra grows two more!
You slash the 17-headed hydra!
The 17-headed hydra is moderately wounded.
The 17-headed hydra bites you!
The 17-headed hydra bites you but does no damage. x2
The 17-headed hydra barely misses you. The 17-headed hydra closely misses you.
The 17-headed hydra barely misses you. You block the 17-headed hydra's attack.
The 17-headed hydra barely misses you.
The 17-headed hydra bites you but does no damage. x2
You block the 17-headed hydra's attack.
The 17-headed hydra completely misses you.
The 17-headed hydra bites you but does no damage.
The 17-headed hydra barely misses you.
The 17-headed hydra bites you but does no damage.
The 17-headed hydra bites you.
You die...

...............
...............
...............
...............
...............
....%!.%.......
.%.....D.......
......%@.......
.........~~~~..
.........~~P..P
.............~##...
..............~#~...
#P.............~~~~~
#...............~~~~
#..................
#..................


You could see a 17-headed hydra.

Vanquished Creatures
  Harold (Lair:1)
  3 ugly things
  A cyclops (D:12)
  A gargoyle (D:12)
  4 spiny frogs
  3 komodo dragons
  Grinder (D:4)
  6 hippogriffs
  4 flying skulls (D:9)
  3 shadows (D:9)
  3 wraiths (D:9)
  A fire elemental (Lair:1)
  2 basilisks
  4 yaks
  A human (D:8)
  2 steam dragons
  Edmund (D:3)
  5 water moccasins
  Duvessa (D:5)
  3 porcupines (D:11)
  Purgy (D:3)
  5 black bears
  An orc warrior (D:11)
  3 ice beasts
  7 ogres
  2 phantoms
  2 necrophages
  5 wolves (Lair:1)
  8 centaurs
  3 crocodiles
  Blork the orc (D:4)
  10 bullfrogs
  Dowan (D:5)
  A wyvern skeleton (D:11)
  3 scorpions
  28 killer bees
  13 wights
  A howler monkey (D:12)
  4 centaur zombies
  2 crimson imps
  6 jellies
  A quasit (D:8)
  A bullfrog zombie (D:5)
  Crazy Yiuf (D:4)
  4 bullfrog skeletons
  5 orc priests
  A gnoll shaman (D:8)
  A hound (D:12)
  8 orc wizards
  Jessica (D:2)
  Ijyb (D:2)
  7 worker ants
  Natasha (thrice) (D:5)
  2 iguanas
  2 killer bee zombies (D:9)
  A hound zombie (D:9)
  A hound skeleton (D:8)
  2 worker ant zombies (D:9)
  14 gnolls
  2 howler monkey skeletons
  17 adders
  A shadow imp (D:5)
  2 oozes
  4 adder skeletons
  3 adder zombies
  A worm (D:3)
  A dart slug (D:3)
  4 leopard geckos
  42 orcs
  5 bats
  5 giant cockroaches
  9 goblins
  10 hobgoblins
  10 jackals
  A quokka (D:5)
  A ball python (Sewer)
  12 frilled lizards
  2 jackal zombies
  7 kobolds
  A leopard gecko zombie (D:9)
  A quokka skeleton (D:4)
  5 rats
  3 plants (D:11)
362 creatures vanquished.

Vanquished Creatures (others)
  A spatial maelstrom (D:9)
  42 fungi
  A lurking horror (Abyss:1)
  10 plants (D:11)
54 creatures vanquished.

Grand Total: 416 creatures vanquished

Notes
Turn   | Place    | Note
-------+----------+-------------------------------------------
     0 | D:1      | Duffy the Gargoyle Fighter began the quest for the Orb.
     0 | D:1      | Reached XP level 1. HP: 14/14 MP: 1/1
   378 | D:1      | Reached XP level 2. HP: 17/19 MP: 2/2
   578 | D:1      | Reached XP level 3. HP: 24/24 MP: 3/3
   767 | D:2      | Noticed Jessica
   773 | D:2      | Killed Jessica
   773 | D:2      | Reached skill level 4 in Shields
   773 | D:2      | Reached XP level 4. HP: 27/29 MP: 4/4
   921 | D:2      | Found a sparkling altar of Nemelex Xobeh.
  1019 | D:2      | Noticed Ijyb
  1025 | D:2      | Killed Ijyb
  1025 | D:2      | Reached XP level 5. HP: 34/34 MP: 5/5
  1756 | D:3      | Found a sacrificial altar of Ru.
  1773 | D:3      | Reached skill level 5 in Shields
  1773 | D:3      | Reached XP level 6. HP: 39/39 MP: 6/6
  1934 | D:3      | Found a glowing drain.
  1978 | Sewer    | Entered a sewer
  2064 | Sewer    | Noticed Purgy
  2096 | D:3      | Killed Purgy
  2489 | D:3      | Reached XP level 7. HP: 30/44 MP: 7/7
  2751 | D:3      | Noticed a hand axe
  2751 | D:3      | Noticed a dagger
  2757 | D:3      | Found a hide-covered altar of Uskayaw.
  2765 | D:3      | Reached skill level 6 in Shields
  2918 | D:4      | Reached skill level 5 in Axes
  3191 | D:4      | Noticed Edmund
  3209 | D:3      | Killed Edmund
  3271 | D:4      | Noticed Blork the orc
  3289 | D:4      | Killed Blork the orc
  3290 | D:4      | Noticed Natasha
  3292 | D:4      | Noticed Grinder
  3293 | D:4      | Paralysed by Grinder for 6 turns
  3303 | D:4      | Paralysed by Grinder for 4 turns
  3309 | D:4      | Paralysed by Grinder for 3 turns
  3312 | D:5      | Entered Level 5 of the Dungeon
  3316 | D:5      | Killed Natasha
  3757 | D:5      | Reached skill level 7 in Shields
  4025 | D:5      | Reached XP level 8. HP: 40/48 MP: 8/8
  4196 | D:5      | Noticed Natasha
  4208 | D:5      | Killed Natasha
  4217 | D:5      | Got a clouded lapis lazuli ring
  4246 | D:5      | Noticed Duvessa
  4246 | D:5      | Noticed Dowan
  4253 | D:5      | Killed Duvessa
  4257 | D:5      | Killed Dowan
  4459 | D:4      | Paralysed by Grinder for 3 turns
  4468 | D:4      | Killed Grinder
  4468 | D:4      | Reached skill level 8 in Shields
  4752 | D:4      | Found a basalt altar of Yredelemnul.
  4837 | D:4      | Found a glowing silver altar of Zin.
  4945 | D:4      | Found a runed door.
  5082 | D:4      | Noticed Crazy Yiuf
  5087 | D:4      | Killed Crazy Yiuf
  5169 | D:5      | Noticed Natasha
  5182 | D:5      | Killed Natasha
  5314 | D:6      | Reached skill level 1 in Evocations
  5314 | D:6      | Reached XP level 9. HP: 50/52 MP: 9/9
  5409 | D:6      | Found a staircase to the Ecumenical Temple.
  5423 | Temple   | Entered the Ecumenical Temple
  5624 | Temple   | Became a worshipper of Makhleb the Destroyer
  5692 | D:6      | Identified the ring "Pahir" {+Blink rElec rPois rN+ Str+3} (You found it on level 5 of the Dungeon)
  6260 | D:7      | Found a shattered altar of Ashenzari.
  6322 | D:7      | Reached skill level 9 in Shields
  6922 | D:7      | Reached skill level 5 in Armour
  7169 | D:8      | Reached * piety under Makhleb
  7499 | D:8      | Reached skill level 5 in Fighting
  7502 | D:8      | Reached skill level 14 in Shields
  7502 | D:8      | Reached XP level 10. HP: 59/59 MP: 12/12
  8260 | D:9      | Got a smoking ring mail
  8374 | D:9      | Identified the +1 ring mail of Salvation {MR+ Str+4} (You found it on level 9 of the Dungeon)
  8436 | D:9      | Reached XP level 11. HP: 46/64 MP: 11/13
  8504 | D:9      | Reached ** piety under Makhleb
  8784 | D:9      | Found a staircase to the Orcish Mines.
  8880 | D:9      | Found a shadowy altar of Dithmenos.
  8895 | D:9      | Noticed Erolcha
  8901 | D:9      | Noticed a skeletal warrior
  8909 | D:9      | Cast into level 1 of the Abyss (Erolcha)
  8909 | Abyss:1  | Found a corrupted altar of Lugonu.
  8952 | Abyss:1  | Noticed a starcursed mass
  9046 | Abyss:1  | Noticed a large abomination
  9057 | Abyss:1  | Noticed a thrashing horror
  9211 | Abyss:4  | Found a corrupted altar of Lugonu.
  9220 | Abyss:4  | Found a corrupted altar of Lugonu.
  9251 | Abyss:4  | Noticed a spatial maelstrom
  9255 | D:9      | Escaped the Abyss
  9255 | D:9      | Banished a spatial maelstrom
  9620 | D:10     | Entered Level 10 of the Dungeon
  9655 | D:10     | Noticed a deep elf mage
  9656 | D:10     | Noticed a wizard
  9663 | D:10     | Noticed a wizard
  9665 | D:10     | You fall through a shaft for 2 floors!
 10026 | D:12     | Noticed a cyclops
 10050 | D:12     | Killed a cyclops
 10575 | D:12     | Noticed a white ugly thing
 10593 | D:12     | Killed a white ugly thing
 10629 | D:12     | Reached skill level 5 in Evocations
 10640 | D:12     | Reached skill level 15 in Shields
 10668 | D:11     | Noticed a cyan ugly thing
 10693 | D:11     | Killed a cyan ugly thing
 10698 | D:11     | Reached *** piety under Makhleb
 10698 | D:11     | Reached skill level 1 in Dodging
 11006 | D:11     | Noticed a purple ugly thing
 11033 | D:11     | Killed a purple ugly thing
 11033 | D:11     | Reached XP level 12. HP: 63/72 MP: 11/16
 11085 | D:11     | Reached **** piety under Makhleb
 11131 | D:11     | Noticed Psyche
 11243 | D:11     | Found a staircase to the Lair.
 11292 | Lair:1   | Entered Level 1 of the Lair of Beasts
 11563 | Lair:1   | Reached skill level 1 in Invocations
 11727 | Lair:1   | Got a crude helmet
 11733 | Lair:1   | Identified the +5 helmet "Kicarig" {rC- Str+7} (You found it on level 1 of the Lair of Beasts)
 11848 | Lair:1   | Noticed Harold
 11868 | Lair:1   | Killed Harold
 12546 | Lair:2   | Reached ***** piety under Makhleb
 12613 | Lair:3   | Noticed a seven-headed hydra
 12630 | Lair:3   | HP: 1/75 [17-headed hydra (6)]
 12630 | Lair:3   | Slain by a 17-headed hydra

Vault maps used:
D:1:      matt_arrival_grand_opening
D:2:      nemelex_spade_bored_becter, uniq_jessica, uniq_iyjb
D:3:      dancing_weapons_uskayaw, portal_sewer_entry_d, first_bread,
          nicolae_ru_great_annihilating_truth
D:4:      kennysheep_mini, lemuel_coloured_pillars_altar, uniq_natasha,
          uniq_edmund, uniq_blork_the_orc, uniq_grinder, uniq_crazy_yiuf_cottage
D:5:      uniq_duvessa
D:7:      cheibrodos_ashenzari_chains
D:8:      serial_curves, eino_curves_03, eino_curves_02, grunt_pizzeria
D:9:      hangedman_screamer, overflow_temple_1_default,
          nicolae_dithmenos_shadow_blocks, uniq_erolcha
D:10:     minmay_tri_box, bh_hangedman_babel_library
D:11:     due_lair_maze_entry_diamond, special_room,
          hangedman_abyss_or_decor_stagger, uniq_psyche
Temple:   regret_index_temple_generic_petals
Lair:1:   serial_bayou_crossing, uniq_harold
Lair:2:   wad_woods_minihive, minmay_snake_entry_guardpost_medium,
          infiniplex_staircase_pool_2
Lair:3:   swamp_mist_pool, grunt_megastairs_3, lemuel_fruit_fields,
          lemuel_fruit_tree
Abyss:2:  minivault_23
Abyss:3:  evilmike_abyss_exit_vortex
Abyss:4:  nicolae_abyss_rune_star_stuff, lemuel_flamethrower_3
Sewer:    sewer_co_purgy_island

Skill      XL: |  1  2  3  4  5  6  7  8  9 10 11 12 |
---------------+-------------------------------------+-----
Axes           | 2 3 4 5 7 8 9 |  9.6
Fighting       | 4 5 7 8 |  8.8
Shields        | 4 5 7 8 14 15 | 15.0
Armour         | 4 5 |  5.0
Evocations     | 1 2 3 5 7 |  7.0
Dodging        | 1 3 |  3.8
Invocations    | 3 |  3.1

Action                   |  1- 3 |  4- 6 |  7- 9 | 10-12 || total
-------------------------+-------+-------+-------+-------++-------
Melee: War axe           |   113 |    81 |       |       ||   194
       Broad axe         |       |   144 |   366 |   918 ||  1428
  Use: Scroll            |       |     3 |    11 |    15 ||    29
       Potion            |       |     2 |     2 |     2 ||     6
 Stab: Paralysed         |       |     1 |       |       ||     1
  Eat: Chunk             |       |     6 |    35 |     7 ||    48
       Pizza             |       |       |       |     2 ||     2
       Royal jelly       |       |       |       |     1 ||     1
       Beef jerky        |       |       |       |     1 ||     1
Armor: Chain mail        |   115 |   155 |   204 |    36 ||   510
       Scale mail        |     2 |       |       |       ||     2
       Skin              |       |       |     3 |    26 ||    29
       Ring mail         |       |       |       |   244 ||   244
       Plate armour      |       |       |       |   322 ||   322
Dodge: Dodged            |    28 |    53 |    90 |   406 ||   577
Block: Shield            |    95 |   176 |   243 |   917 ||  1431
